 Dungeon Crawl Stone Soup version 0.30-a0-23-ge60ba3568b (webtiles) character file.

Game seed: 17187353236208293536

269 SensoryNuts the Chopper (level 6, -8/38 HPs)
             Began as a Gargoyle Fighter on Aug 25, 2022.
             Splashed by a jelly's acid (9 damage)
             ... on level 4 of the Dungeon.
             The game lasted 00:02:50 (3301 turns).

SensoryNuts the Chopper (Gargoyle Fighter)          Turns: 3301, Time: 00:02:50

Health: -8/38      AC: -12   Str: 21    XL:     6   Next: 22%
Magic:  6/6        EV:  9    Int:  9    God:
Gold:   168        SH:  4    Dex:  9    Spells: 5/5 levels left

rFire   . . .      SeeInvis .    a - +0 war axe
rCold   . . .      Faith    .    c - +0 buckler
rNeg    + . .      Spirit   .    b - +0 scale mail
rPois   ∞          Reflect  .    (no helmet)
rElec   +          Harm     .    (no cloak)
rCorr   .          Rampage  .    (no gloves)
Will    .....                    (no boots)
Stlth   ..........               (no amulet)
HPRegen 0.12/turn                (no ring)
MPRegen 0.10/turn                (no ring)

@: about to teleport, corroded
A: sickness immunity, AC +4, negative energy resistance 1, electricity
resistance, torment resistance 1, petrification resistance
a: no special abilities


You were on level 4 of the Dungeon.
You visited 1 branch of the dungeon, and saw 4 of its levels.

You collected 168 gold pieces.

Inventory:

Hand Weapons
 a - a +0 war axe (weapon)
Armour
 b - a +0 scale mail (worn)
 c - a +0 buckler (worn)
Jewellery
 f - a ring of magical power
 o - an amulet of regeneration
Wands
 i - a wand of digging (6)
Scrolls
 e - 2 scrolls of vulnerability
 g - 2 scrolls of teleportation
 h - 2 scrolls of identify
 k - a scroll of enchant weapon
 p - a scroll of fear {unknown}
Potions
 d - 4 potions of might
 j - a potion of ambrosia
 l - a potion of attraction
 m - a potion of cancellation
 n - a potion of curing


   Skills:
 + Level 4.0 Fighting
 * Level 4.8 Axes
 + Level 3.8 Armour
 + Level 0.7 Dodging
 + Level 3.6 Shields


You had 5 spell levels left.
You didn't know any spells.
Your spell library was empty.

Dungeon Overview and Level Annotations

Branches:
Dungeon (4/15)
 Temple: D:4-7

Altars:


Innate Abilities, Weirdness & Mutations

You are immune to sickness and miasma.
Your stone body is resilient. (AC +4)
You are immune to poison.
You resist negative energy. (rN+)
You are resistant to electric shocks. (rElec)
You are resistant to unholy torment.
You are immune to petrification.


Message History

You hit the adder.
You kill the adder!
A jelly comes into view.
The jelly quivers.
You see here an adder corpse.
A jelly is nearby!
The jelly barely misses you.
You hit the jelly. The acid corrodes you!
Your hands burn!
The jelly is lightly wounded.
The jelly hits you. The acid corrodes you!
You are splashed with acid!
The jelly closely misses you.
You hit the jelly. The acid corrodes you!
Your hands burn!
The jelly is heavily wounded.
The jelly hits you. The acid corrodes you!
You are splashed with acid!
You are too injured to fight recklessly!
You are too injured to fight recklessly!
You are too injured to fight recklessly!
You are too injured to fight recklessly!
You are too injured to fight recklessly!
You are too injured to fight recklessly!
You are too injured to fight recklessly!
You are too injured to fight recklessly!
A jelly is nearby!
Unknown command.
Okay, then.
You completely miss the jelly.
The jelly is heavily wounded.
The jelly hits you. The acid corrodes you!
You are splashed with acid!
* * * LOW HITPOINT WARNING * * *
You feel better. The jelly hits you.
* * * LOW HITPOINT WARNING * * *
The acid corrodes you!
You are splashed with acid.
* * * LOW HITPOINT WARNING * * *
Okay, then.
Okay, then.
As you read the scroll of teleportation, it crumbles to dust.
You feel strangely unstable. The jelly hits you.
* * * LOW HITPOINT WARNING * * *
You are splashed with acid!
You die...

.........##.###......#
.........##. ######.#
.........##.# #.##
.........#.... #..#
...#######
...#######.# ...#
......# #.# ####
#....# #.# #.J..# #.#
#..@.# #.# ####
.##....###.######
...###
#........†.........
...†.#
####.$..#####......
...#.# ###### ......
.[.#.# .###. ...#.# .#
...#.# . ####.# ..


You could see a jelly.

Vanquished Creatures
  A vampire bat (D:3)
  An orc priest (D:3)
  3 gnolls (D:3)
  6 adders
  2 worms
  3 dart slugs
  11 orcs (D:3)
  6 ball pythons
  11 bats
  7 endoplasms
  3 giant cockroaches
  6 goblins
  9 hobgoblins
  4 jackals (D:3)
  9 kobolds
  3 quokkas
  2 frilled lizards (D:3)
  7 rats
94 creatures vanquished.

Notes
Turn   | Place    | Note
-------+----------+-------------------------------------------
     0 | D:1      | SensoryNuts the Gargoyle Fighter began the quest for the
                  | Orb.
     0 | D:1      | Reached XP level 1. HP: 14/14 MP: 1/1
   174 | D:1      | Reached XP level 2. HP: 13/19 MP: 2/2
  1031 | D:2      | Reached XP level 3. HP: 24/24 MP: 3/3
  1583 | D:2      | Found a faded altar of an unknown god.
  2070 | D:3      | Reached XP level 4. HP: 23/29 MP: 4/4
  2439 | D:3      | Reached XP level 5. HP: 30/33 MP: 5/5
  2845 | D:3      | Reached XP level 6. HP: 38/38 MP: 6/6
  3301 | D:4      | HP: 1/38 [jelly (2)]
  3301 | D:4      | Splashed by a jelly's acid

Illustrated notes

Levels and vault maps discovered:
D:1:      lemuel_arrival_funnel, layout_loops_corners, minmay_misc_feat_cross
D:2:      layout_basic, ebering_ecumenical_altar_hall, dk_noncrumbling_4
D:3:      minmay_octagon_keep, layout_loops_ring, minmay_misc_feat_nine_boxes,
          roderic_batcave
D:4:      layout_basic

Skill      XL: |  1  2  3  4  5  6 |
---------------+-------------------+-----
Axes           | 2 3 4 |  4.8
Fighting       | 4 |  4.0
Armour         | |  3.8
Dodging        | |  0.7
Shields        | |  3.6

Action                   |  1- 3 |  4- 6 || total
-------------------------+-------+-------++-------
Melee: War axe           |   108 |   144 ||   252
  Use: Scroll            |     8 |     3 ||    11
       Potion            |     2 |     1 ||     3
Armor: Scale mail        |    53 |    87 ||   140
Dodge: Dodged            |    46 |    77 ||   123
Block: Buckler           |    21 |    31 ||    52

Table legend: (Time is in decaauts)
 A = Elapsed time spent in this place.
 B = Non-inter-level travel time spent in this place.
 C = Inter-level travel time spent in this place.
 D = Time resting spent in this place.
 E = Time spent auto-exploring this place.
 F = Levels seen in this place.
 G = Mean time per level.
                   A        B        C        D        E       F      G
               +--------+--------+--------+--------+--------+-----+--------+
         Total |   3394 |   3350 |     44 |      0 |   2738 |   4 |  848.5 |
       Dungeon |   3394 |   3350 |     44 |      0 |   2738 |   4 |  848.5 |
               +--------+--------+--------+--------+--------+-----+--------+

Top non-repeatable levels by time:
     D:3: 1222 daAuts
     D:1: 1010 daAuts
     D:2: 907 daAuts
     D:4: 254 daAuts
